 Dungeon Crawl Stone Soup version 0.30-a0-1116-gebefce21f7 (webtiles) character file.

Game seed: 1416337834155380605

3938 Barriton the Destroyer (level 10, -4/77 HPs)
             Began as a White Draconian Conjurer on Apr 21, 2023.
             Slain by a two-headed ogre
             ... wielding a +0 giant spiked club
              (23 damage)
             ... on level 9 of the Dungeon.
             The game lasted 00:14:42 (9821 turns).

Barriton the Destroyer (White Draconian Conjurer)   Turns: 9821, Time: 00:14:43

Health: -4/77      AC:  7    Str: 16    XL:     10   Next: 1%
Magic:  18/22      EV: 13    Int: 22    God:
Gold:   499        SH:  0    Dex: 10    Spells: 22/25 levels left

rFire   + . .      SeeInvis .    s - staff of conjuration
rCold   + + +      Faith    .    k - orb {light}
rNeg    . . .      Spirit   .    (body armour unavailable)
rPois   .          Reflect  .    (helmet restricted)
rElec   .          Rampage  .    d - scarf {rC+ rF+}
rCorr   .                        (no gloves)
Will    .....                    (no boots)
Stlth   +                        (no amulet)
HPRegen 0.32/turn                i - +6 ring of strength
MPRegen 0.18/turn                n - ring of protection from cold

@: glowing
A: breathe frost, AC +7, unfitting armour, cold resistance 1, cold-blooded
a: Breathe Frost


You were on level 9 of the Dungeon.
You visited 1 branch of the dungeon, and saw 9 of its levels.

You collected 499 gold pieces.

Inventory:

Armour
 d - a scarf of resistance (worn)
 k - an orb of light (worn)
Magical Staves
 s - a staff of conjuration (weapon)
Jewellery
 i - a +6 ring of strength (left hand)
 n - a ring of protection from cold (right hand)
Wands
 m - a wand of mindburst (16)
 v - a wand of flame (4)
Scrolls
 l - 7 scrolls of teleportation
 q - a scroll of enchant armour
 r - a scroll of identify
 t - 3 scrolls of fear
 u - a scroll of enchant weapon
Potions
 a - 3 potions of invisibility
 b - 5 potions of curing
 c - a potion of lignification
 e - 2 potions of heal wounds
 f - a potion of haste
 g - 3 potions of flight
 h - 4 potions of resistance
 j - 2 potions of degeneration
 o - 3 potions of attraction
 p - a potion of cancellation


   Skills:
 + Level 3.4 Fighting
 + Level 5.0 Dodging
 + Level 4.1 Stealth
 + Level 3.9 Unarmed Combat
 + Level 8.1 Spellcasting
 + Level 9.0 Conjurations


You had 22 spell levels left.
You knew the following spells:

 Your Spells              Type           Power      Damage    Failure   Level
a - Magic Dart            Conj           100%       1d8       1%          1
b - Searing Ray           Conj           100%       2d8       1%          2

Your spell library contained the following spells:

 Spells                   Type           Power      Damage    Failure   Level
 Dazzling Flash           Conj/Hex       86%        N/A       3%          3
 Summon Small Mammal      Summ           32%        N/A       8%          1
 Lesser Beckoning         Tloc           16%        N/A       11%         2
 Fulminant Prism          Conj/Hex       21%        3d12      12%         4
 Iskenderun's Mystic Bla  Conj/Tloc      43%        2d10      12%         4
 Call Canine Familiar     Summ           8%         N/A       22%         3
 Gell's Gravitas          Tloc           8%         N/A       22%         3
 Summon Guardian Golem    Hex/Summ       8%         N/A       22%         3
 Teleport Other           Tloc           8%         N/A       22%         3
 Leda's Liquefaction      Hex/Erth       4%         N/A       58%         4
 Lee's Rapid Deconstruct  Erth           4%         3d5*      90%         5
 Statue Form              Tmut/Erth      5%         N/A       100%        6


Dungeon Overview and Level Annotations

Branches:
Dungeon (9/15)             Temple (0/1) D:7
   Lair: D:8-11         Orc: D:9-12

Altars:
Ashenzari
Dithmenos
Sif Muna
Trog
Vehumet
Xom
Yredelemnul
Zin


Innate Abilities, Weirdness & Mutations

You can breathe waves of freezing cold which knock back foes.
Your icy white scales are hard. (AC +7)
You cannot fit into any form of body armour.
Your flesh is cold resistant. (rC+)
You are cold-blooded and may be slowed by cold attacks.


Message History

You don't know that spell.
Casting: Searing Ray (safe; 1% risk of failure)
Confirm with . or Enter, or press ? or * to list all spells.
Aiming: Searing Ray (safe; 1% risk of failure)
Press: ? - help, Shift-Dir - straight line, f/p - acid dragon
Aim: an acid dragon (almost dead, haloed, 87% to hit)
You feel a surge of power!
The searing ray hits the acid dragon!
You kill the acid dragon! (Press . to maintain the ray.)
You have reached level 10!
There is a stone staircase leading down here.
Done exploring.
There is a stone staircase leading down here.
You climb downwards.
There is a stone staircase leading up here.
You open the door.
Found two stone staircases leading down.
There is an open door here.
You open the door.
A two-headed ogre comes into view.
It is wielding a +0 giant spiked club and a +0 giant club.
The two-headed ogre shouts in stereo!
Casting: Searing Ray (safe; 1% risk of failure)
Confirm with . or Enter, or press ? or * to list all spells.
Aiming: Searing Ray (safe; 1% risk of failure)
Press: ? - help, Shift-Dir - straight line, f - two-headed ogre
Aim: a two-headed ogre, wielding a +0 giant spiked club and a +0 giant club (haloed, 94% to hit)
You feel a surge of power!
The searing ray hits the two-headed ogre!
The two-headed ogre is lightly wounded. (Press . to maintain the ray.)
The searing ray hits the two-headed ogre!
The two-headed ogre is moderately wounded.
The two-headed ogre hits you with a +0 giant spiked club!!
The two-headed ogre hits you with a +0 giant club!
The searing ray hits the two-headed ogre!
The two-headed ogre is heavily wounded.
The two-headed ogre hits you with a +0 giant spiked club!!
* * * LOW HITPOINT WARNING * * *
The two-headed ogre hits you with a +0 giant club!!
You die...

#############
............#
............#
........>...#
....>.......#
............#
..........@.#
######'###O#
#......#...
#......#...#
#.<....#...+
#......#...#
#......#...#
############


You could see a two-headed ogre.

Vanquished Creatures
  Pikel (D:7)
  Maggie (D:8)
  Prince Ribbit (D:7)
  Eustachio (D:6)
  A wyvern (D:7)
  Menkaure (D:7)
  2 acid dragons
  3 black bears
  An ice beast (D:7)
  An orc warrior (D:7)
  An ogre (D:6)
  A lemure (D:7)
  2 phantoms (D:7)
  4 bullfrogs
  A scorpion (D:4)
  4 wights (D:8)
  A killer bee (D:8)
  4 howler monkeys
  4 jellies
  5 hounds
  3 orc priests
  A gnoll bouda (D:5)
  3 iguanas
  A sleepcap (D:6)
  6 orc wizards
  Robin (D:2)
  12 gnolls
  8 adders
  A white imp (D:7)
  An ufetubus (D:5)
  2 worms
  5 dart slugs
  12 orcs
  7 ball pythons
  4 endoplasms
  5 giant cockroaches
  20 goblins
  8 hobgoblins
  9 jackals
  2 quokkas
  5 bats
  2 frilled lizards
  4 kobolds
  11 rats
173 creatures vanquished.

Vanquished Creatures (others)
  8 plants (D:3)
8 creatures vanquished.

Grand Total: 181 creatures vanquished

Notes
Turn   | Place    | Note
-------+----------+-------------------------------------------
     0 | D:1      | Barriton the Draconian Conjurer began the quest for the
                  | Orb.
     0 | D:1      | Reached XP level 1. HP: 14/14 MP: 3/3
   230 | D:1      | Reached XP level 2. HP: 20/20 MP: 1/5
   347 | D:1      | Learned a level 2 spell: Searing Ray
   584 | D:1      | Reached XP level 3. HP: 27/27 MP: 2/6
  1265 | D:2      | Found a bloodstained altar of Trog.
  1268 | D:2      | Found a faded altar of an unknown god.
  1363 | D:2      | Noticed Robin
  1389 | D:2      | Reached XP level 4. HP: 12/34 MP: 0/7
  1396 | D:2      | Killed Robin
  1397 | D:2      | Reached skill level 5 in Conjurations
  1530 | D:2      | Reached skill level 1 in Fighting
  1619 | D:2      | Reached skill level 1 in Unarmed Combat
  2293 | D:3      | HP: 1/35 [gnoll/+0 spear (6)]
  2434 | D:3      | Reached XP level 5. HP: 40/40 MP: 4/9
  2555 | D:3      | Found a glowing silver altar of Zin.
  2560 | D:3      | Found a broken altar of Ashenzari.
  2693 | D:3      | You fall into a shaft and drop 2 floors!
  2693 | D:5      | Entered Level 5 of the Dungeon
  3217 | D:5      | Reached XP level 6. HP: 48/48 MP: 2/11
  3857 | D:4      | Found a basalt altar of Yredelemnul.
  3888 | D:4      | Reached skill level 6 in Conjurations
  3976 | D:4      | Found a radiant altar of Vehumet.
  4119 | D:4      | Found a shadowy altar of Dithmenos.
  4121 | D:4      | Your scales start taking on an icy white colour.
  4121 | D:4      | Reached XP level 7. HP: 53/53 MP: 11/13
  4121 | D:4      | Gained mutation: Your flesh is cold resistant. (rC+) [White
                  | Draconian growth]
  4896 | D:3      | Found a shimmering altar of Xom.
  5758 | D:5      | Reached skill level 5 in Spellcasting
  6052 | D:6      | Noticed Eustachio
  6067 | D:6      | Killed Eustachio
  6068 | D:6      | Reached XP level 8. HP: 48/61 MP: 5/16
  6238 | D:6      | Reached skill level 7 in Conjurations
  6371 | D:6      | Found a bloodstained altar of Trog.
  6976 | D:7      | Noticed Pikel
  7086 | D:7      | Noticed Prince Ribbit
  7094 | D:7      | Killed Prince Ribbit
  7426 | D:7      | Noticed Menkaure
  7433 | D:7      | Killed Menkaure
  7434 | D:7      | Reached XP level 9. HP: 23/68 MP: 12/19
  7606 | D:7      | Found a staircase to the Ecumenical Temple.
  7791 | D:7      | Reached skill level 8 in Conjurations
  7879 | D:7      | Killed Pikel
  8434 | D:7      | Identified a scroll of acquirement
  8434 | D:7      | Acquired a staff of conjuration
  8728 | D:8      | Found a shimmering blue altar of Sif Muna.
  9067 | D:8      | Noticed Maggie
  9086 | D:8      | Killed Maggie
  9555 | D:9      | Reached skill level 9 in Conjurations
  9595 | D:8      | Reached skill level 5 in Dodging
  9749 | D:8      | Reached XP level 10. HP: 64/77 MP: 11/22
  9818 | D:9      | Noticed a two-headed ogre
  9821 | D:9      | Slain by a two-headed ogre

Illustrated notes

Levels and vault maps discovered:
D:1:      eino_arrival_water_star, layout_loops_ring
D:2:      minmay_skewed_foursquare, layout_rooms, basic_altar,
          ebering_ecumenical_altar_box, uniq_robin
D:3:      layout_rooms, mainiacjoe_overflow_tiny_flanked, zin_statuary,
          evilmike_ruin_ashenzari, amethyst_killhole, serial_bayou_ford_a
D:4:      layout_gridville, mainiacjoe_overflow_concentric_impassable,
          lemuel_round_altar, lemuel_crystal_altar
D:5:      layout_loops_ring
D:6:      layout_gridville, trog_ov_bears_minmay, uniq_blork_the_orc,
          uniq_eustachio
D:7:      statuecave_lemuel, layout_loops_ring, minmay_temple_entry_poolview,
          kennysheep_generic_room_11, uniq_menkaure, uniq_pikel,
          uniq_prince_ribbit1
D:8:      layout_loops_ring, amcnicky_altar_gilded, uniq_maggie
D:9:      layout_grid_maze, lemuel_tele_altar, mainiacjoe_overflow_24_doors,
          serial_shops, nicolae_shop_window_shopping

Skill      XL: |  1  2  3  4  5  6  7  8  9 |
---------------+----------------------------+-----
Dodging        | 2 3 5 |  5.0
Stealth        | 2 3 4 |  4.1
Conjurations   | 5 6 7 9 |  9.0
Fighting       | 1 2 3 |  3.4
Unarmed Combat | 1 2 3 |  3.9
Spellcasting   | 3 4 5 6 8 |  8.1

Action                     |  1- 3 |  4- 6 |  7- 9 | 10-12 || total
---------------------------+-------+-------+-------+-------++-------
  Melee: Unarmed           |    70 |    52 |    15 |       ||   137
         Tailslap          |    10 |     5 |     8 |       ||    23
         Punch             |     1 |       |       |       ||     1
         Staff             |       |       |    15 |       ||    15
   Cast: Magic Dart        |    59 |   112 |   152 |       ||   323
         Searing Ray       |     2 |    13 |    43 |     1 ||    59
Ability: Breathe Frost     |       |       |     2 |       ||     2
    Use: Scroll            |     4 |     2 |    16 |       ||    22
         Potion            |     1 |     2 |       |       ||     3
 Armour: Skin              |    26 |    27 |    39 |       ||    92
  Dodge: Dodged            |    59 |    54 |    88 |       ||   201

Table legend: (Time is in decaauts)
 A = Elapsed time spent in this place.
 B = Non-inter-level travel time spent in this place.
 C = Inter-level travel time spent in this place.
 D = Time resting spent in this place.
 E = Time spent auto-exploring this place.
 F = Levels seen in this place.
 G = Mean time per level.
                   A        B        C        D        E       F      G
               +--------+--------+--------+--------+--------+-----+--------+
         Total |   9833 |   9572 |    261 |      0 |   8452 |   9 | 1092.6 |
       Dungeon |   9833 |   9572 |    261 |      0 |   8452 |   9 | 1092.6 |
               +--------+--------+--------+--------+--------+-----+--------+

Top non-repeatable levels by time:
     D:5: 1381 daAuts
     D:7: 1375 daAuts
     D:8: 1285 daAuts
     D:1: 1244 daAuts
     D:4: 1234 daAuts
     D:6: 1193 daAuts
     D:2: 1108 daAuts
     D:3: 926 daAuts
     D:9: 83 daAuts
